 Dungeon Crawl Stone Soup version 0.29-a0-284-gf9362112df (webtiles) character file.

Game seed: 9660389472865210478

793 yunder69 the Skirmisher (level 7, -4/91 HPs)
             Began as a Minotaur Berserker on Mar 31, 2022.
             Was a Believer of Trog.
             Slain by a gnoll sergeant
             ... wielding a +3 trident of venom
              (10 damage)
             ... on level 5 of the Dungeon.
             The game lasted 00:10:05 (4826 turns).

yunder69 the Skirmisher (Minotaur Berserker)        Turns: 4826, Time: 00:10:05

Health: -4/91      AC:  7    Str: 24    XL:     7   Next: 57%
Magic:  6/6        EV: 12    Int:  7    God:    Trog [**....]
Gold:   169        SH:  0    Dex:  9    Spells: 6/6 levels left

rFire   + + .      SeeInvis .   r - +5 mace "Budyc" {vorpal, rF++ Int+3}
rCold   . . .      Faith    .   (no shield)
rNeg    . . .      Spirit   .   b - +0 leather armour
rPois   .          Reflect  .   (helmet restricted)
rElec   .          Harm     .   (no cloak)
rCorr   .          Rampage  .   (no gloves)
Will    +++..                   (no boots)
Stlth   ..........              (no amulet)
HPRegen 1.25/turn               w - +4 ring of protection
MPRegen 0.10/turn               l - ring of willpower

@: berserking, lethally poisoned (-4 -> -17), strong-willed (expiring),
regenerating (expiring), very quick
A: horns 2, retaliatory headbutt
a: Renounce Religion, Berserk, Trog's Hand


You were on level 5 of the Dungeon.
You worshipped Trog.
Trog was pleased with you.
You visited 1 branch of the dungeon, and saw 5 of its levels.

You collected 169 gold pieces.

Inventory:

Hand Weapons
 a - a +0 hand axe
 q - a +0 long sword
 r - the +5 mace "Budyc" (weapon) {vorpal, rF++ Int+3}
   (You found it on level 3 of the Dungeon)

   It inflicts extra damage upon your enemies.
   Int:       It affects your intelligence (+3).
   rF:        It greatly protects you from fire.
Missiles
 e - 4 silver javelins (quivered)
 o - 171 stones
Armour
 b - a +0 leather armour (worn)
Jewellery
 f - a ring of poison resistance
 l - a ring of willpower (right hand)
 n - a ring of willpower
 w - a +4 ring of protection (left hand)
Wands
 v - a wand of mindburst (18)
Scrolls
 c - 2 scrolls of blinking {unknown}
 d - a scroll of enchant weapon {unknown}
 g - a scroll of silence {unknown}
 h - 4 scrolls of identify {unknown}
 m - a scroll of noise {unknown}
 x - a scroll of holy word {unknown}
Potions
 i - 3 potions of heal wounds {unknown}
 j - a potion of lignification {unknown}
 k - a potion of degeneration {unknown}
 p - a potion of resistance {unknown}
 s - a potion of haste {unknown}
 t - a potion of curing {unknown}
 u - a potion of flight {unknown}


   Skills:
 - Level 5.5 Fighting
 - Level 0.4 Long Blades
 - Level 5.5(6.6) Axes
 + Level 5.4(6.5) Maces & Flails
 - Level 4.8 Armour
 - Level 4.3 Dodging


You had 6 spell levels left.
You didn't know any spells.
Your spell library was empty.

Dungeon Overview and Level Annotations

Branches:
Dungeon (5/15)
 Temple: D:4-7

Altars:


Innate Abilities, Weirdness & Mutations

You have a pair of horns on your head.
You reflexively headbutt those who attack you in melee.


Message History

A red film seems to cover your vision as you go berserk!
You feel yourself moving faster!
You feel mighty!
You feel sick. The gnoll closely misses you.
The gnoll hits you with a +0 halberd. The gnoll misses you.
The gnoll closely misses you.
The gnoll sergeant hits you from afar with a +3 trident of venom!
You are more poisoned.
You are too injured to fight recklessly!
You are too injured to fight recklessly!
You sock the gnoll!
You kill the gnoll!
Trog accepts your kill.
You feel very sick.
You sock the gnoll!
You kill the gnoll!
Trog accepts your kill.
You feel the effects of Trog's Hand fading.
You feel very sick. The gnoll misses you. You furiously retaliate!
You headbutt the gnoll!
The gnoll sergeant hits you from afar with a +3 trident of venom.
You are more poisoned.
The gnoll hits you with a +0 halberd.
You barely miss the gnoll.
The gnoll is severely wounded.
You feel very sick. The gnoll hits you with a +0 flail!
* * * LOW HITPOINT WARNING * * *
The gnoll sergeant hits you from afar with a +3 trident of venom!
* * * LOW HITPOINT WARNING * * *
You are lethally poisoned!
The gnoll hits you with a +0 halberd.
* * * LOW HITPOINT WARNING * * *
You sock the gnoll!
You kill the gnoll!
Trog accepts your kill.
* * * LOW HITPOINT WARNING * * *
You feel very sick. The gnoll hits you with a +0 halberd.
* * * LOW HITPOINT WARNING * * *
The gnoll sergeant hits you from afar with a +3 trident of venom!
You die...

##.## ##........ . #..#
##.......####.....## ..
#..# #.........# ##...##
..>#..## ##..........
#).## # .......##
#.!..........#..#####
........##
#.........$.....# >..
.........##
#..g.......#..##....
......#...##
#.))g........# ....
.....###...###.)@........
.... .....
##...###.......... ....
....# ##...##.........#
... .... #....##........#
... .... ##....#.......##
... ##....#....).# ...
##....#....## .##
##.......## ##......# #


You could see a gnoll sergeant and a gnoll.

Vanquished Creatures
  A wyvern (D:5)
  The ghost of Cecur the Digger, an amateur OpEE (D:4)
  A scorpion (D:4)
  2 howler monkeys (D:4)
  A hound (D:5)
  2 orc priests
  A jelly (D:5)
  2 iguanas
  2 orc wizards (D:4)
  3 gnolls (D:5)
  6 adders
  A white imp (D:3)
  4 dart slugs
  18 orcs
  3 bats (D:1)
  4 endoplasms
  2 giant cockroaches
  8 goblins
  9 hobgoblins
  3 jackals (D:4)
  3 quokkas
  4 ball pythons
  4 frilled lizards
  7 kobolds
  10 rats
102 creatures vanquished.

Vanquished Creatures (others)
  13 plants (D:1)
13 creatures vanquished.

Grand Total: 115 creatures vanquished

Notes
Turn   | Place    | Note
-------+----------+-------------------------------------------
     0 | D:1      | yunder69 the Minotaur Berserker began the quest for the
                  | Orb.
     0 | D:1      | Reached XP level 1. HP: 19/19 MP: 0/0
   119 | D:1      | Reached XP level 2. HP: 27/27 MP: 1/1
   149 | D:1      | Found a faded altar of an unknown god.
   520 | D:1      | Reached ** piety under Trog
  1134 | D:2      | Reached XP level 3. HP: 28/33 MP: 2/2
  1873 | D:2      | You fall into a shaft and drop 2 floors!
  1939 | D:4      | Reached XP level 4. HP: 39/41 MP: 3/3
  2030 | D:4      | Reached XP level 5. HP: 47/47 MP: 4/4
  2099 | D:4      | Reached skill level 5 in Fighting
  2099 | D:4      | Reached skill level 5 in Axes
  2307 | D:4      | Reached XP level 6. HP: 44/56 MP: 5/5
  2535 | D:4      | Found a runed translucent gate.
  2551 | D:4      | Found a runed translucent gate.
  2552 | D:4      | Found a runed translucent gate.
  2553 | D:4      | Noticed Cecur's ghost (amateur OpEE)
  2565 | D:4      | Killed Cecur's ghost
  3029 | D:3      | Identified the +5 mace "Budyc" {vorpal, rF++ Int+3}
  3388 | D:3      | Reached skill level 1 in Maces & Flails
  3752 | D:3      | Reached XP level 7. HP: 39/61 MP: 6/6
  3890 | D:3      | Reached *** piety under Trog
  4441 | D:5      | Entered Level 5 of the Dungeon
  4564 | D:5      | Noticed a wyvern
  4568 | D:5      | Killed a wyvern
  4770 | D:5      | Reached skill level 5 in Maces & Flails
  4826 | D:5      | Slain by a gnoll sergeant

Illustrated notes

Levels and vault maps discovered:
D:1:      minmay_arrival_solitary_statue, layout_loops_corners,
          ebering_ecumenical_altar_mist, serial_bayou, serial_bayou_lagoon_a,
          serial_bayou_pond_e, serial_bayou_shore_b, serial_bayou_pond_b,
          serial_bayou_shore_a
D:2:      layout_rooms
D:3:      layout_basic, minivault_27, kennysheep_generic_room_4
D:4:      layout_basic, ebering_ghost_rock_garden, minivault_27
D:5:      layout_cave_pods, serial_shops, kennysheep_mini_moat

Skill      XL: |  1  2  3  4  5  6  7 |
---------------+----------------------+-----
Axes           | 4 5 |  5.5
Fighting       | 4 5 |  5.5
Armour         | 3 4 |  4.8
Dodging        | 3 4 |  4.3
Maces & Flails | 2 5 |  5.4
Long Blades    | |  0.4

Action                   |  1- 3 |  4- 6 |  7- 9 || total
-------------------------+-------+-------+-------++-------
Melee: Hand axe          |    89 |    44 |       ||   133
       Headbutt          |    13 |     9 |     5 ||    27
       Punch             |     1 |       |       ||     1
       Mace              |       |    26 |    30 ||    56
       Long sword        |       |     8 |       ||     8
Invok: Berserk           |       |     3 |     2 ||     5
       Trog's Hand       |       |     3 |     2 ||     5
 Stab: Sleeping          |       |     1 |       ||     1
Armor: Animal skin       |    10 |       |       ||    10
       Leather armour    |     6 |    12 |    17 ||    35
Dodge: Dodged            |    52 |    43 |    28 ||   123

Table legend: (Time is in decaauts)
 A = Elapsed time spent in this place.
 B = Non-inter-level travel time spent in this place.
 C = Inter-level travel time spent in this place.
 D = Time resting spent in this place.
 E = Time spent auto-exploring this place.
 F = Levels seen in this place.
 G = Mean time per level.
                   A        B        C        D        E       F      G
               +--------+--------+--------+--------+--------+-----+--------+
         Total |   4900 |   4570 |    330 |    635 |   3249 |   5 |  980.0 |
       Dungeon |   4900 |   4570 |    330 |    635 |   3249 |   5 |  980.0 |
               +--------+--------+--------+--------+--------+-----+--------+

Top non-repeatable levels by time:
     D:3: 1341 daAuts
     D:4: 1156 daAuts
     D:1: 1151 daAuts
     D:2: 853 daAuts
     D:5: 397 daAuts
